 Dungeon Crawl Stone Soup version 0.21.1-1-g345015f (webtiles) character file.

751 Kairos the Digger (level 8, -13/56 HPs)
             Began as a Formicid Earth Elementalist on Mar 27, 2018.
             Killed from afar by Dowan (18 damage)
             ... with a stone arrow
             ... on level 4 of the Dungeon.
             The game lasted 00:14:51 (5003 turns).

Kairos the Digger (Formicid Earth Elementalist)     Turns: 5003, Time: 00:14:51

Health: -13/56     AC: 10    Str: 15    XL:     8   Next: 6%
Magic:  1/14       EV: 12    Int: 15    God:
Gold:   226        SH:  4    Dex: 11    Spells: 11/15 levels left

rFire    . . .     SeeInvis +   v - +0 short sword (vamp)
rCold    . . .     Gourm    .   (no shield)
rNeg     . . .     Faith    .   i - +0 leather armour
rPois    .         Spirit   .   (helmet unavailable)
rElec    .         Reflect  +   (no cloak)
rCorr    .         Harm     .   k - +1 pair of gloves
MR       .....                  (no boots)
Stlth    +++.......             r - +4 amulet of reflection
HPRegen  0.18/turn              w - ring of stealth
MPRegen  0.14/turn              x - +5 ring of protection

@: very slightly contaminated
A: permanent stasis, dig shafts and tunnels, four strong arms, antennae 3
a: Dig, Shaft Self


You were on level 4 of the Dungeon.
You were hungry.

You visited 1 branch of the dungeon, and saw 7 of its levels.

You collected 226 gold pieces.

Inventory:

Hand Weapons
 a - a +0 club
 v - a +0 vampiric short sword (weapon)
Missiles
 b - 90 stones (quivered)
Armour
 i - a +0 leather armour (worn)
 k - a +1 pair of gloves (worn)
Jewellery
 r - a +4 amulet of reflection (around neck)
 w - a ring of stealth (left hand)
 x - a +5 ring of protection (right hand)
 y - an uncursed amulet of faith
Scrolls
 h - 2 scrolls of immolation
 m - a scroll of enchant weapon
 n - a scroll of amnesia {unknown}
 o - 2 scrolls of random uselessness
 p - a scroll of enchant armour {unknown}
 s - 3 scrolls of teleportation
 t - 3 scrolls of fog
Potions
 f - a potion of lignification
 g - a potion of resistance
 j - 2 potions of heal wounds
 q - a potion of flight
 u - 3 potions of curing
 z - 2 potions of invisibility
Books
 e - a book of Geomancy

   Spells                             Type                      Level
   a - Sandblast                      Earth                        1
   b - Passwall                       Transmutation/Earth          2
   c - Stone Arrow                    Conjuration/Earth            3
   d - Petrify                        Transmutation/Earth          4
   e - Lee's Rapid Deconstruction     Earth                        5
Comestibles
 d - 6 rations


   Skills:
 + Level 2.0 Fighting
 + Level 2.3 Short Blades
 + Level 1.0 Maces & Flails
 + Level 2.9 Armour
 + Level 2.9 Dodging
 + Level 3.8 Stealth
 + Level 4.4 Spellcasting
 + Level 0.6 Conjurations
   Level 1.1 Transmutations
 + Level 6.2 Earth Magic


You had 11 spell levels left.
You knew the following spells:

 Your Spells              Type           Power        Failure   Level  Hunger
a - Sandblast             Erth           ###...       1%          1    None
b - Stone Arrow           Conj/Erth      ##....       16%         3    ###....


Dungeon Overview and Level Annotations

Branches:
Dungeon (7/15)
 Temple: D:4-7

Altars:
Makhleb
Qazlal
Trog
The Shining One

Annotations:
D:4 Dowan; Edmund
D:5 Kairos's ghost, novice HOAE


Innate Abilities, Weirdness & Mutations

You cannot be hasted, slowed, berserked, paralysed or teleported.
You can dig through walls and to a lower floor.
Your four strong arms can wield two-handed weapons with a shield.
You have a pair of large antennae on your head. (SInv)


Message History

You closely miss Dowan.
Dowan is almost dead.
Dowan casts a spell at you. The shard of ice hits you!
Dowan points at you and mumbles some strange words.
The stone arrow hits you!
* * * LOW HITPOINT WARNING * * *
Casting: Stone Arrow
Confirm with . or Enter, or press ? or * to list all spells.
You don't have enough magic to cast that spell.
Unknown command.
You hit Dowan.
Dowan is almost dead.
Dowan hits you with a dagger.
* * * LOW HITPOINT WARNING * * *
You barely miss Dowan.
Dowan is almost dead.
Dowan casts a spell at you. The stone arrow hits you!
You die...

#.. ##.....####
###.### ##.....##
##8...8#######......#
##........##.......###
.........e.......###
...............###
.###....#.#..###
#..#######e# ### #@##
###


You could see Dowan.

Vanquished Creatures
  Sigmund (D:3)
  Duvessa (D:4)
  A sky beast (D:5)
  2 phantoms
  A bullfrog (D:7)
  A scorpion (D:3)
  A worker ant (D:6)
  3 adders
  2 worms (D:3)
  3 dart slugs
  An orc (D:4)
  4 giant cockroaches
  4 goblins (D:1)
  7 hobgoblins
  11 jackals
  2 quokkas
  A ball python (D:2)
  8 bats
  5 frilled lizards
  A jackal skeleton (D:5)
  3 kobolds
  A rat (D:3)
64 creatures vanquished.

Vanquished Creatures (others)
  A hobgoblin (D:1)
1 creature vanquished.

Grand Total: 65 creatures vanquished

Notes
Turn   | Place    | Note
-------+----------+-------------------------------------------
     0 | D:1      | Kairos the Formicid Earth Elementalist began the quest for the Orb.
     0 | D:1      | Reached XP level 1. HP: 13/13 MP: 3/3
   557 | D:1      | Reached skill level 4 in Earth Magic
   559 | D:1      | Reached XP level 2. HP: 18/19 MP: 0/5
  1028 | D:1      | Reached XP level 3. HP: 24/24 MP: 4/6
  1385 | D:2      | You fall through a shaft for 2 floors!
  1392 | D:4      | Noticed Edmund
  1416 | D:4      | You fall through a shaft for 3 floors!
  1427 | D:7      | Noticed a bullfrog
  1446 | D:7      | HP: 1/24 [bullfrog (2)]
  1447 | D:7      | Killed a bullfrog
  1447 | D:7      | Reached skill level 1 in Armour
  1447 | D:7      | Reached XP level 4. HP: 1/31 MP: 0/8
  1898 | D:6      | Noticed an ice beast
  1974 | D:6      | Reached skill level 5 in Earth Magic
  1974 | D:6      | Reached XP level 5. HP: 36/36 MP: 3/9
  2180 | D:6      | Noticed a sky beast
  2189 | D:5      | Entered Level 5 of the Dungeon
  2192 | D:5      | Found a bloodstained altar of Trog.
  2214 | D:5      | Killed a sky beast
  2214 | D:5      | Reached XP level 6. HP: 13/42 MP: 1/11
  2559 | D:5      | Noticed Kairos's ghost (novice HOAE)
  2573 | D:5      | Found a burning altar of Makhleb.
  2786 | D:4      | Noticed a phantom
  2846 | D:3      | Reached skill level 1 in Fighting
  2928 | D:3      | Noticed Sigmund
  2972 | D:2      | Found a faded altar of an unknown god.
  2990 | D:2      | Noticed a phantom
  3038 | D:2      | Killed a phantom
  3442 | D:2      | Reached XP level 7. HP: 47/48 MP: 13/13
  3516 | D:2      | Reached skill level 1 in Maces & Flails
  4070 | D:3      | Reached skill level 6 in Earth Magic
  4176 | D:3      | Noticed an air elemental
  4183 | D:3      | Found a stormy altar of Qazlal.
  4184 | D:3      | Noticed a fire elemental
  4184 | D:3      | Noticed a water elemental
  4257 | D:3      | Learned a level 3 spell: Stone Arrow
  4281 | D:3      | Killed Sigmund
  4281 | D:3      | Reached skill level 1 in Short Blades
  4854 | D:4      | Noticed Duvessa
  4859 | D:4      | Found a glowing golden altar of the Shining One.
  4971 | D:4      | Noticed Dowan
  4988 | D:4      | Killed Duvessa
  4988 | D:4      | Reached XP level 8. HP: 41/56 MP: 2/14
  5003 | D:4      | Killed from afar by Dowan

Skill      XL: |  1  2  3  4  5  6  7 |
---------------+----------------------+-----
Earth Magic    | 4 5 6 |  6.2
Armour         | 1 2 |  2.9
Spellcasting   | 3 4 |  4.4
Dodging        | 2 |  2.9
Stealth        | 3 |  3.8
Fighting       | 1 2 |  2.0
Maces & Flails | 1 |  1.0
Short Blades   | 2 |  2.3
Conjurations   | |  0.6
Transmutations | |  1.1

Action                   |  1- 3 |  4- 6 |  7- 9 || total
-------------------------+-------+-------+-------++-------
Melee: Club              |    34 |    11 |       ||    45
       Short sword       |       |    36 |   130 ||   166
 Cast: Sandblast         |    32 |    29 |     3 ||    64
       Stone Arrow       |       |       |    10 ||    10
 Abil: Shaft Self        |     1 |       |       ||     1
       Dig               |       |     5 |     1 ||     6
  Use: Potion            |       |     2 |       ||     2
       Scroll            |       |       |    11 ||    11
 Stab: Sleeping          |       |     1 |     5 ||     6
  Eat: Chunk             |     1 |     3 |     6 ||    10
       Ration            |       |     3 |       ||     3
Armor: Robe              |     9 |       |       ||     9
       Leather armour    |    23 |    25 |    40 ||    88
       Skin              |       |     5 |       ||     5
Dodge: Dodged            |    41 |    52 |    78 ||   171
Block: Other             |       |       |    22 ||    22
